 Dungeon Crawl Stone Soup version 0.28-a0-1286-g6bde065e89 (webtiles) character file.

Game seed: 17786405417358659116

2996 blank1 the Ruffian (level 9, -3/93 HPs)
             Began as a Troll Monk on Dec 27, 2021.
             Was an Elder of Okawaru.
             Engulfed by a steam dragon's steam (5 damage)
             ... on level 8 of the Dungeon.
             The game lasted 00:16:16 (6143 turns).

blank1 the Ruffian (Troll Monk)                     Turns: 6143, Time: 00:16:16

Health: -3/93      AC:  8    Str: 23    XL:     9   Next: 54%
Magic:  0/10       EV: 11    Int:  6    God:    Okawaru [****..]
Gold:   303        SH:  0    Dex: 14    Spells: 8/8 levels left

rFire   . . .      SeeInvis .     - Unarmed
rCold   . . .      Faith    .   (no shield)
rNeg    . . .      Spirit   +   a - +0 robe
rPois   .          Reflect  .   (helmet restricted)
rElec   +          Harm     .   (no cloak)
rCorr   +          Rampage  .   (gloves unavailable)
Will    +....                   (boots unavailable)
Stlth   ++........              s - amulet of the Eleven Curses {Spirit +Blink rElec rCorr}
HPRegen 1.05/turn               e - ring of willpower
MPRegen 0.12/turn               q - +4 ring of protection

@: lethally poisoned (-3 -> -4)
A: large, unfitting armour, claws 3, regeneration 1, shaggy fur 1, tough skin 1
a: Renounce Religion, Evoke Blink, Heroism, Finesse


You were on level 8 of the Dungeon.
You worshipped Okawaru.
Okawaru was greatly pleased with you.
You visited 1 branch of the dungeon, and saw 8 of its levels.

You collected 303 gold pieces.

Inventory:

Hand Weapons
 j - a +3 whip of electrocution
Missiles
 d - 14 boomerangs (quivered)
 t - 5 atropa-tipped darts
Armour
 a - a +0 robe (worn)
Jewellery
 e - a ring of willpower (left claw)
 q - a +4 ring of protection (right claw)
 s - the amulet of the Eleven Curses (around neck) {Spirit +Blink rElec rCorr}
   (You found it on level 5 of the Dungeon)

   [amulet of guardian spirit]

   It causes incoming damage to be divided between your reserves of health and
   magic.
   rElec:     It insulates you from electricity.
   +Blink:    It lets you blink.
   rCorr:     It protects you from acid and corrosion.
Wands
 n - a wand of flame (68)
 w - a wand of polymorph (7)
Scrolls
 b - 2 scrolls of fear
 f - 3 scrolls of teleportation
 l - a scroll of enchant weapon
 m - a scroll of summoning
 r - a scroll of holy word
Potions
 g - a potion of might
 i - 2 potions of invisibility {unknown}
 k - 2 potions of resistance
 o - a potion of attraction {unknown}
 p - a potion of haste
 v - a potion of cancellation


   Skills:
 + Level 7.6 Fighting
 - Level 2.0 Throwing
 - Level 1.0 Armour
 - Level 5.0 Dodging
 - Level 1.0 Stealth
 + Level 7.9 Unarmed Combat
 - Level 3.0 Invocations
 - Level 1.0 Evocations


You had 8 spell levels left.
You didn't know any spells.
Your spell library contained the following spells:

 Spells                   Type           Power      Damage    Failure   Level
 Slow                     Hex            0%         N/A       45%         1
 Confusing Touch          Hex            0%         N/A       83%         3
 Vampiric Draining        Necr           0%         2d6       83%         3


Dungeon Overview and Level Annotations

Branches:
Dungeon (8/15)             Temple (0/1) D:7
   Lair: D:8-11

Altars:
Okawaru
Qazlal
Yredelemnul

Shops:
D:1 ?   D:4 *


Innate Abilities, Weirdness & Mutations

You are too large for most types of armour.
You have claws for hands.
Your natural rate of healing is unusually fast.
You are covered in fur. (AC +1)
You have tough skin. (AC +1)


Message History

You feel sick. The killer bee misses you.
You miss the killer bee.
You feel sick. The killer bee stings you.
Unknown command.
You claw the killer bee!
The killer bee is heavily wounded.
You feel sick. The killer bee barely misses you. x2
You closely miss the killer bee.
The killer bee is heavily wounded.
You feel sick. The killer bee stings you!
* * * LOW HITPOINT WARNING * * *
You are more poisoned.
The killer bee poisons you!
You miss the killer bee.
The killer bee is heavily wounded.
You feel very sick. The killer bee stings you.
* * * LOW HITPOINT WARNING * * *
The killer bee barely misses you.
You claw the killer bee!
You kill the killer bee!
Okawaru accepts your kill.
You feel sick.
You scratch the steam dragon but do no damage.
You feel sick. The steam dragon bites you.
* * * LOW HITPOINT WARNING * * *
The steam dragon barely misses you.
Unknown command.
You closely miss the steam dragon.
You feel sick. The steam dragon breathes steam at you.
The ball of steam hits you!
* * * LOW HITPOINT WARNING * * *
You scratch the steam dragon.
The steam dragon is lightly wounded.
You are engulfed in a cloud of scalding steam.
* * * LOW HITPOINT WARNING * * *
You feel sick. The steam dragon misses you. The steam dragon barely misses you.
You barely miss the steam dragon.
The steam dragon is lightly wounded.
You are engulfed in a cloud of scalding steam.
You die...

................[
##...###..######.#
.....##......# ...
####.##.#.##.# #.#
#.##..<.#.# #.#
####.##...##.# ... ..#
.##...##.# #.#
..##.##...##.# #D#
..##.##....#.# #@#
..##.##.#..#.# #§#
..##.##.#..#.###§######
####.##.#..#............
####.##..!..........####
.....####...........#
...."...[...........#
....#####.#.........#
....#.# #...........#


You could see a steam dragon (catching breath).

Vanquished Creatures
  A hornet (D:8)
  Menkaure (D:5)
  An acid dragon (D:6)
  2 sky beasts
  Duvessa (D:6)
  2 black bears
  2 ice beasts
  A necrophage (D:3)
  2 ogres
  A centaur (D:8)
  A phantom (D:5)
  A water moccasin zombie (D:6)
  Dowan (D:6)
  A water moccasin skeleton (D:5)
  9 killer bees
  3 wights (D:8)
  A howler monkey (D:5)
  3 bullfrog skeletons
  4 hounds
  A jelly (D:5)
  A gnoll shaman (D:5)
  2 orc priests
  Ijyb (D:4)
  A centaur skeleton (D:4)
  An iguana (D:7)
  5 orc wizards
  A hound skeleton (D:4)
  A howler monkey zombie (D:6)
  A howler monkey skeleton (D:6)
  8 gnolls
  5 adders
  3 shadow imps
  A white imp (D:5)
  An ufetubus (D:7)
  2 worms
  3 dart slugs (D:2)
  19 orcs
  3 ball pythons
  5 bats
  4 endoplasms
  6 giant cockroaches
  7 goblins
  3 hobgoblins
  7 jackals
  10 kobolds
  2 quokkas (D:2)
  3 frilled lizards
  6 rats
151 creatures vanquished.

Notes
Turn   | Place    | Note
-------+----------+-------------------------------------------
     0 | D:1      | blank1 the Troll Monk began the quest for the Orb.
     0 | D:1      | Reached XP level 1. HP: 22/22 MP: 0/0
   275 | D:1      | Found Weguximi's Magic Scroll Emporium.
   288 | D:1      | Reached XP level 2. HP: 24/29 MP: 1/1
   633 | D:2      | Reached XP level 3. HP: 36/36 MP: 2/2
   827 | D:2      | Reached XP level 4. HP: 45/45 MP: 3/3
  1315 | D:3      | Reached XP level 5. HP: 9/53 MP: 4/4
  1897 | D:4      | Noticed a necrophage
  1907 | D:3      | Killed a necrophage
  1921 | D:4      | Noticed Ijyb
  2049 | D:4      | Killed Ijyb
  2050 | D:4      | Reached XP level 6. HP: 33/62 MP: 5/5
  2245 | D:4      | Found an iron altar of Okawaru.
  2336 | D:4      | Found Ahyla's General Store.
  2378 | D:4      | Became a worshipper of Warmaster Okawaru
  2378 | D:4      | Reached * piety under Okawaru
  2378 | D:4      | Reached ** piety under Okawaru
  2472 | D:5      | Entered Level 5 of the Dungeon
  2604 | D:5      | Noticed a sky beast
  2611 | D:5      | Killed a sky beast
  2612 | D:5      | Reached skill level 5 in Unarmed Combat
  2612 | D:5      | Reached skill level 1 in Invocations
  2612 | D:5      | Reached XP level 7. HP: 55/71 MP: 5/7
  2665 | D:5      | Reached skill level 5 in Fighting
  3074 | D:5      | Noticed Menkaure
  3081 | D:5      | Killed Menkaure
  3082 | D:5      | Reached XP level 8. HP: 81/81 MP: 9/9
  3100 | D:5      | Identified the amulet of the Eleven Curses {Spirit +Blink
                  | rElec rCorr}
  3837 | D:5      | Reached *** piety under Okawaru
  3952 | D:6      | Noticed Duvessa
  3954 | D:6      | Noticed Dowan
  3961 | D:6      | Killed Duvessa
  3965 | D:6      | Killed Dowan
  4162 | D:6      | Reached skill level 1 in Armour
  4230 | D:6      | Found a stormy altar of Qazlal.
  4383 | D:7      | Reached **** piety under Okawaru
  4644 | D:7      | Found a staircase to the Ecumenical Temple.
  4695 | D:7      | Reached XP level 9. HP: 72/93 MP: 7/10
  4794 | D:7      | Reached skill level 1 in Throwing
  4794 | D:7      | Reached skill level 1 in Evocations
  5533 | D:8      | Found a basalt altar of Yredelemnul.
  5564 | D:8      | Reached skill level 5 in Dodging
  5751 | D:8      | Received a gift from Okawaru
  5796 | D:8      | Paralysed by a hornet for 3 turns
  6142 | D:8      | HP: 2/93 [steam dragon] (4)]
  6143 | D:8      | Engulfed by a steam dragon's steam

Illustrated notes

Levels and vault maps discovered:
D:1:      sevenhm_arrival_forest_fort_small_3, layout_basic, serial_shops,
          nicolae_shop_crystal
D:2:      layout_rooms
D:3:      layout_basic, chequers_mini_garden, serial_bayou_pond_b,
          grunt_decor_junction, chequers_serial_rivers_marsh
D:4:      layout_cave_pools, old_standard_altar, serial_shops,
          nicolae_shop_hallway_stairs, uniq_ijyb
D:5:      layout_layer_cave, uniq_menkaure
D:6:      layout_rooms, grunt_qazlal_sundering, uniq_duvessa
D:7:      layout_layer_cave, temple_fountains, grunt_tough_drop
D:8:      layout_basic, kennysheep_orc_sif_temple,
          mainiacjoe_overflow_small_starburst, marbit_many_paths,
          kennysheep_little_box, lemuel_coloured_pillars_altar

Skill      XL: |  1  2  3  4  5  6  7  8  9 |
---------------+----------------------------+-----
Fighting       | 3 4 5 7 |  7.6
Dodging        | 3 4 5 |  5.0
Unarmed Combat | 4 5 7 |  7.9
Invocations    | 1 3 |  3.0
Armour         | 1 |  1.0
Throwing       | 2 |  2.0
Evocations     | 1 |  1.0
Stealth        | |  1.0

Action                   |  1- 3 |  4- 6 |  7- 9 || total
-------------------------+-------+-------+-------++-------
Melee: Unarmed           |    76 |   119 |   248 ||   443
       Punch             |     1 |     3 |     9 ||    13
Throw: Boomerang         |       |     3 |     3 ||     6
Evoke: Wand              |       |       |     5 ||     5
  Use: Scroll            |       |     4 |    13 ||    17
 Stab: Sleeping          |     2 |       |     3 ||     5
Armor: Robe              |    29 |    26 |    85 ||   140
Dodge: Dodged            |    47 |    58 |   132 ||   237

Table legend: (Time is in decaauts)
 A = Elapsed time spent in this place.
 B = Non-inter-level travel time spent in this place.
 C = Inter-level travel time spent in this place.
 D = Time resting spent in this place.
 E = Time spent auto-exploring this place.
 F = Levels seen in this place.
 G = Mean time per level.
                   A        B        C        D        E       F      G
               +--------+--------+--------+--------+--------+-----+--------+
         Total |   6117 |   5722 |    395 |    132 |   4105 |   8 |  764.6 |
       Dungeon |   6117 |   5722 |    395 |    132 |   4105 |   8 |  764.6 |
               +--------+--------+--------+--------+--------+-----+--------+

Top non-repeatable levels by time:
     D:5: 1343 daAuts
     D:7: 1074 daAuts
     D:3: 943 daAuts
     D:8: 652 daAuts
     D:4: 586 daAuts
     D:1: 552 daAuts
     D:6: 516 daAuts
     D:2: 449 daAuts
